 Dungeon Crawl Stone Soup version 0.21.0-25-ge575cb9 (webtiles) character file.

35 DogShitOnMyToe the Insei (level 3, -2/29 HPs)
             Began as a Demonspawn Monk on Jan 27, 2018.
             Slain by Natasha (3 damage)
             ... on level 2 of the Dungeon.
             The game lasted 00:01:36 (1035 turns).

DogShitOnMyToe the Insei (Demonspawn Monk)          Turns: 1035, Time: 00:01:36

Health: -2/29      AC:  4    Str: 12    XL:     3   Next: 17%
Magic:  3/3        EV: 13    Int: 11    God:
Gold:   121        SH:  0    Dex: 15    Spells: 2/2 levels left

rFire    . . .     SeeInvis .     - Unarmed
rCold    . . .     Gourm    .   (no shield)
rNeg     . . .     Faith    .   a - +0 robe
rPois    .         Spirit   .   (no helmet)
rElec    .         Reflect  .   (no cloak)
rCorr    .         Harm     .   (no gloves)
MR       .....                  (no boots)
Stlth    ++........             (no amulet)
HPRegen  0.09/turn              (no ring)
MPRegen  0.08/turn              (no ring)

@: no status effects
A: slimy green scales 1
a: no special abilities


You were on level 2 of the Dungeon.
You were not hungry.

You visited 1 branch of the dungeon, and saw 2 of its levels.

You collected 121 gold pieces.

Inventory:

Missiles
 o - 7 tomahawks (quivered)
Armour
 a - a +0 robe (worn)
Scrolls
 c - a scroll of enchant weapon {unknown}
 e - a scroll of identify {unknown}
 g - a scroll of remove curse {unknown}
 j - 2 scrolls of teleportation {unknown}
 l - a scroll of fog {unknown}
Potions
 d - a potion of agility {unknown}
 f - a potion of lignification {unknown}
 h - a potion of haste {unknown}
 i - a potion of might {unknown}
 k - a potion of invisibility {unknown}
 m - a potion of flight {unknown}
 n - a potion of mutation {unknown}
Comestibles
 b - 3 rations


   Skills:
 + Level 3.4 Fighting
 - Level 2.6 Dodging
 - Level 1.7 Stealth
 * Level 3.6 Unarmed Combat


You had 2 spell levels left.
You didn't know any spells.

Dungeon Overview and Level Annotations

Branches:
Dungeon (2/15)

Altars:

Annotations:
D:2 exclusion: 2 doors, Natasha


Innate Abilities, Weirdness & Mutations

You are partially covered in slimy green scales. (AC +2)


Message History

* * * LOW HITPOINT WARNING * * *
You hit Natasha but do no damage. Natasha misses you.
You hit Natasha. Natasha claws you but does no damage.
You hit Natasha. Natasha claws you but does no damage.
You closely miss Natasha. Natasha barely misses you.
You closely miss Natasha. You completely miss Natasha. Natasha claws you.
* * * LOW HITPOINT WARNING * * *
You barely miss Natasha. Natasha misses you.
You completely miss Natasha.
Natasha mumbles some strange words.
Natasha glows brightly for a moment.
Natasha barely misses you.
You completely miss Natasha. Natasha casts a spell at you.
The magic dart hits you!
* * * LOW HITPOINT WARNING * * *
You barely miss Natasha. Natasha barely misses you.
You hit Natasha. Natasha claws you.
You die...

### #.# .# #.##########
##.####..........#
........?.h@.).# ####
#.####.######.#
...####......######.#
##...##......#.......
..<[..)>........###.#.
##.....................
..........<..#..###.#
## ##.#..#......#..# .#
#.#............#


You could see Natasha.

Vanquished Creatures
  An adder (D:2)
  2 dart slugs (D:1)
  A leopard gecko (D:1)
  A bat (D:1)
  3 goblins
  2 hobgoblins
  6 kobolds
  A frilled lizard (D:1)
  5 rats
22 creatures vanquished.

Notes
Turn   | Place    | Note
-------+----------+-------------------------------------------
     0 | D:1      | DogShitOnMyToe the Demonspawn Monk began the quest for the Orb.
     0 | D:1      | Reached XP level 1. HP: 18/18 MP: 1/1
   283 | D:1      | Reached skill level 3 in Unarmed Combat
   335 | D:1      | Gained mutation: You are partially covered in slimy green scales. (AC +2) [demonic ancestry]
   335 | D:1      | Reached XP level 2. HP: 24/24 MP: 2/2
   963 | D:2      | Noticed Natasha
  1008 | D:2      | HP: 12/24 [goblin/club (1)]
  1010 | D:2      | Reached XP level 3. HP: 15/29 MP: 3/3
  1023 | D:2      | HP: 12/29 [Natasha (4)]
  1030 | D:2      | HP: 4/29 [Natasha (4)]
  1033 | D:2      | HP: 1/29 [Natasha/magic dart (3)]
  1035 | D:2      | Slain by Natasha

Skill      XL: |  1 |
---------------+----+-----
Unarmed Combat | 3 |  3.6
Fighting       | |  3.4
Dodging        | |  2.6
Stealth        | |  1.7

Action                   || total
-------------------------++-------
Melee: Unarmed           ||    95
       Punch             ||     1
 Stab: Sleeping          ||     3
       Distracted        ||     1
Armor: Robe              ||    15
Dodge: Dodged            ||    46
